 Seeded DCSS version 0.30-a0-40-gc6d0f036a7 (webtiles) character file.

Game seed: 20220826 (custom seed)

5635 AttackTheMoon the Blocker (level 10, 0/93 HPs)
             Began as a Minotaur Fighter on Aug 26, 2022.
             Was a Priest of Okawaru.
             Slain by a boulder beetle (7 damage)
             ... on level 9 of the Dungeon on Aug 29, 2022.
             The game lasted 00:13:55 (8967 turns).

AttackTheMoon the Blocker (Minotaur Fighter)        Turns: 8967, Time: 00:13:56

Health: 0/93       AC: 20    Str: 25    XL:     10   Next: 46%
Magic:  9/11       EV:  9    Int:  5    God:    Okawaru [***...]
Gold:   316        SH: 14    Dex: 16    Spells: 9/9 levels left

rFire   + . .      SeeInvis .    h - +2 hand axe (flame)
rCold   + . .      Faith    .    j - +0 kite shield
rNeg    . . .      Spirit   .    l - +0 plate armour
rPois   .          Reflect  .    (helmet restricted)
rElec   .          Harm     .    q - scarf {rC+ rF+}
rCorr   +          Rampage  .    A - +2 pair of gloves
Will    .....                    (no boots)
Stlth   ..........               (no amulet)
HPRegen 0.25/turn                t - +6 ring of dexterity
MPRegen 0.12/turn                s - ring of resist corrosion

@: heroic
A: horns 2, retaliatory headbutt
a: Renounce Religion, Heroism


You were on level 9 of the Dungeon.
You worshipped Okawaru.
Okawaru was most pleased with you.
You visited 2 branches of the dungeon, and saw 10 of its levels.

You collected 486 gold pieces.
You spent 170 gold pieces at shops.

Inventory:

Hand Weapons
 a - a +0 war axe
 h - a +2 hand axe of flaming (weapon)
Missiles
 e - 3 atropa-tipped darts
 r - a throwing net (quivered)
 B - 4 silver javelins
Armour
 j - a +0 kite shield (worn)
 l - a +0 plate armour (worn)
 q - a scarf of resistance (worn)
 A - a +2 pair of gloves (worn)
Jewellery
 c - a ring of ice
 s - a ring of resist corrosion (right hand)
 t - a +6 ring of dexterity (left hand)
Wands
 k - a wand of paralysis (8)
 u - a wand of flame (17)
 v - a wand of roots (27)
 y - a wand of polymorph (5)
Scrolls
 b - 2 scrolls of magic mapping
 f - a scroll of blinking
 i - a scroll of identify
 m - a scroll of immolation
 w - a scroll of fear
 x - 3 scrolls of amnesia
 z - 3 scrolls of teleportation
 C - a scroll of fog
Potions
 d - 2 potions of brilliance
 g - 3 potions of curing
 n - 3 potions of degeneration
 o - 4 potions of magic
 p - 3 potions of attraction


   Skills:
 + Level 9.8(14.8) Fighting
 + Level 9.4(14.4) Axes
 + Level 9.8(14.8) Armour
 + Level 9.9(14.9) Shields
 + Level 3.8 Invocations


You had 9 spell levels left.
You didn't know any spells.
Your spell library contained the following spells:

 Spells                   Type           Power      Damage    Failure   Level
 Apportation              Tloc           0%         N/A       100%        1
 Ignite Poison            Fire/Tmut/Pois 0%         N/A       100%        3
 Mephitic Cloud           Conj/Pois/Air  0%         N/A       100%        3
 Passage of Golubria      Tloc           0%         N/A       100%        4
 Alistair's Intoxication  Tmut/Pois      0%         N/A       100%        5
 Freezing Cloud           Conj/Ice/Air   0%         6-21      100%        5
 Yara's Violent Unravell  Hex/Tmut       0%         3d3       100%        5
 Tukima's Dance           Hex            Unusable   N/A       N/A         3

Dungeon Overview and Level Annotations

Branches:
Dungeon (9/15)             Temple (1/1) D:7
   Lair: D:8-11         Orc: D:9-12

Altars:
Ashenzari
Cheibriados
Dithmenos
Fedhas
Gozag
Hepliaklqana
Kikubaaqudgha
Makhleb
Nemelex Xobeh
Okawaru
Qazlal
Ru
Sif Muna
Trog
Uskayaw
Vehumet
Wu Jian
Xom
Yredelemnul
Zin
The Shining One

Shops:
D:5 *


Innate Abilities, Weirdness & Mutations

You have a pair of horns on your head.
You reflexively headbutt those who attack you in melee.


Message History

The boulder beetle struggles against the net. x2
You catch the helpless boulder beetle completely off-guard!
You hit the boulder beetle but do no damage.
You headbutt the boulder beetle, but do no damage.
The boulder beetle is moderately wounded.
The boulder beetle struggles against the net.
You hit the boulder beetle but do no damage.
You headbutt the boulder beetle!
The boulder beetle is moderately wounded.
The boulder beetle struggles against the net.
You hit the boulder beetle but do no damage.
The boulder beetle is moderately wounded.
The boulder beetle leaps!
The boulder beetle curls into a ball and begins rolling!
You slash the boulder beetle! You burn the boulder beetle.
You headbutt the boulder beetle, but do no damage.
The boulder beetle is heavily wounded.
The boulder beetle hits you!!!
Ouch! That really hurt!
* * * LOW HITPOINT WARNING * * *
The boulder beetle stops rolling and uncurls.
Okay, then.
You gain the combat prowess of a mighty hero.
The boulder beetle bites you!
* * * LOW HITPOINT WARNING * * *
You hit the boulder beetle but do no damage.
The boulder beetle is heavily wounded.
The boulder beetle bites you but does no damage.
You hit the boulder beetle but do no damage.
You headbutt the boulder beetle.
The boulder beetle is heavily wounded.
You hit the boulder beetle. You burn the boulder beetle.
You headbutt the boulder beetle, but do no damage.
The boulder beetle is heavily wounded.
The boulder beetle bites you but does no damage.
You hit the boulder beetle but do no damage.
Your headbutt misses the boulder beetle.
The boulder beetle is heavily wounded.
The boulder beetle bites you!
You die...

#.# #.########
#......... .
#.######## .#
#.#########..#
#.....>..(...##
#..........(....
#...............
#....@..........
#....B..........
#...............
#...............
#...............
#############..


You could see a boulder beetle.

Vanquished Creatures
  Pikel (D:6)
  A hornet (D:8)
  Eustachio (D:5)
  7 yaks (D:8)
  A wyvern (D:9)
  A steam dragon (D:9)
  Edmund (D:5)
  A water moccasin (D:5)
  Duvessa (D:5)
  A black bear (D:6)
  2 sky beasts
  An ice beast (D:6)
  2 orc warriors (D:8)
  An ogre (D:3)
  2 centaurs
  2 phantoms
  A lemure (D:6)
  3 kobold brigands
  2 bullfrogs
  A necrophage (D:7)
  7 scorpions
  Dowan (D:5)
  8 killer bees (D:8)
  5 howler monkeys
  2 hounds
  A jelly (D:5)
  3 orc priests
  4 gnoll boudas
  Jessica (D:2)
  2 iguanas (D:6)
  2 orc wizards
  23 gnolls
  6 adders
  3 white imps
  A shadow imp (D:6)
  2 ufetubi
  3 worms
  19 orcs
  5 endoplasms
  2 giant cockroaches
  10 goblins
  7 hobgoblins
  6 jackals
  8 quokkas
  7 ball pythons
  6 bats
  2 frilled lizards (D:1)
  18 kobolds
  3 rats
200 creatures vanquished.

Notes
Turn   | Place    | Note
-------+----------+-------------------------------------------
     0 | D:1      | AttackTheMoon the Minotaur Fighter began the quest for the
                  | Orb.
     0 | D:1      | Reached XP level 1. HP: 19/19 MP: 0/0
   108 | D:1      | Reached XP level 2. HP: 27/27 MP: 1/1
   769 | D:2      | Reached XP level 3. HP: 29/33 MP: 2/2
  1023 | D:2      | Noticed Jessica
  1025 | D:2      | Killed Jessica
  1026 | D:2      | Reached XP level 4. HP: 30/41 MP: 3/3
  2330 | D:4      | Reached XP level 5. HP: 47/47 MP: 4/4
  2429 | D:4      | Noticed an ogre
  2610 | D:3      | Killed an ogre
  2611 | D:3      | Reached skill level 5 in Fighting
  2611 | D:3      | Reached skill level 5 in Armour
  2611 | D:3      | Reached skill level 5 in Shields
  2664 | D:4      | Reached XP level 6. HP: 56/56 MP: 5/5
  3291 | D:4      | Found an opulent altar of Gozag.
  3476 | D:5      | Entered Level 5 of the Dungeon
  3548 | D:5      | Found Biwniamm's Assorted Antiques.
  3556 | D:5      | Bought a tubular ruby ring for 85 gold pieces
  3556 | D:5      | Bought a tubular silver ring for 85 gold pieces
  3560 | D:5      | Noticed Edmund
  3583 | D:5      | Killed Edmund
  3584 | D:5      | Reached skill level 5 in Axes
  3584 | D:5      | Reached XP level 7. HP: 52/63 MP: 6/6
  3831 | D:5      | Noticed Eustachio
  3843 | D:5      | Noticed Duvessa
  3845 | D:5      | Noticed Dowan
  3866 | D:5      | Killed Eustachio
  3869 | D:5      | Killed Dowan
  3871 | D:5      | Killed Duvessa
  3872 | D:5      | Reached XP level 8. HP: 39/71 MP: 7/7
  5005 | D:6      | Reached XP level 9. HP: 57/81 MP: 8/8
  5447 | D:7      | Noticed Pikel
  5468 | D:6      | Killed Pikel
  5610 | D:7      | Found a staircase to the Ecumenical Temple.
  5621 | Temple   | Entered the Ecumenical Temple
  5955 | Temple   | Upgraded the game from 0.30-a0-29-g142975f185 to
                  | 0.30-a0-40-gc6d0f036a7
  6029 | Temple   | Became a worshipper of Warmaster Okawaru
  6205 | D:7      | Reached skill level 1 in Invocations
  6469 | D:7      | Found a glowing silver altar of Zin.
  6556 | D:7      | Found an ancient bone altar of Kikubaaqudgha.
  6955 | D:8      | Found a sparkling altar of Nemelex Xobeh.
  6975 | D:8      | Reached * piety under Okawaru
  7226 | D:8      | Reached ** piety under Okawaru
  7398 | D:8      | Reached XP level 10. HP: 87/91 MP: 10/10
  8833 | D:9      | Reached *** piety under Okawaru
  8933 | D:9      | Noticed a boulder beetle
  8967 | D:9      | Slain by a boulder beetle

Illustrated notes

Levels and vault maps discovered:
D:1:      spicycebolla_arrival_ecumenical, layout_basic, st_stairs_12,
          minmay_stone_trees_small
D:2:      layout_basic, moated_statue, dreamdust_princess_bridge,
          chequers_serial_rivers_micro_c, kennysheep_jessica_study
D:3:      layout_basic
D:4:      layout_cave_pools, nicolae_gozag_cash_rules_everything_around_me
D:5:      layout_cave_pools, serial_shops, shop, uniq_edmund, uniq_eustachio,
          uniq_duvessa
D:6:      layout_gridville
D:7:      layout_loops_cross, zin_treasury, kiku_gazebo_pond_becter,
          minmay_temple_entry_waves, chequers_serial_rivers_small_b, uniq_pikel
D:8:      layout_basic, nemelex_diamond_rough_becter
D:9:      layout_long_grid
Temple:   minmay_temple_bridge_d

Skill      XL: |  1  2  3  4  5  6  7  8  9 10 |
---------------+-------------------------------+-----
Shields        | 4 5 6 7 9 |  9.9
Fighting       | 4 5 6 7 9 |  9.8
Armour         | 4 5 6 7 9 |  9.8
Axes           | 3 4 5 6 7 8 9 |  9.4
Invocations    | 2 3 |  3.8

Action                   |  1- 3 |  4- 6 |  7- 9 | 10-12 || total
-------------------------+-------+-------+-------+-------++-------
Melee: War axe           |    73 |    79 |       |       ||   152
       Headbutt          |     9 |    27 |    67 |    44 ||   147
       Hand axe          |       |    54 |   250 |   149 ||   453
Throw: Dart              |       |       |       |     3 ||     3
       Throwing net      |       |       |       |     1 ||     1
Invok: Heroism           |       |       |       |     2 ||     2
  Use: Scroll            |     2 |     9 |     3 |     2 ||    16
       Potion            |       |     2 |     3 |       ||     5
 Stab: Invisible         |       |       |     3 |       ||     3
       Held in net/web   |       |       |       |     1 ||     1
Armor: Scale mail        |    39 |       |       |       ||    39
       Plate armour      |     1 |    65 |   131 |    85 ||   282
Dodge: Dodged            |    47 |    33 |    63 |    24 ||   167
Block: Buckler           |    13 |       |       |       ||    13
       Kite shield       |     1 |    64 |   143 |    86 ||   294

Table legend: (Time is in decaauts)
 A = Elapsed time spent in this place.
 B = Non-inter-level travel time spent in this place.
 C = Inter-level travel time spent in this place.
 D = Time resting spent in this place.
 E = Time spent auto-exploring this place.
 F = Levels seen in this place.
 G = Mean time per level.
                   A        B        C        D        E       F      G
               +--------+--------+--------+--------+--------+-----+--------+
         Total |   9088 |   8806 |    282 |   1145 |   6278 |  10 |  908.8 |
       Dungeon |   8607 |   8470 |    137 |   1034 |   6066 |   9 |  956.3 |
        Temple |    480 |    335 |    145 |    111 |    212 |   1 |  480.0 |
               +--------+--------+--------+--------+--------+-----+--------+

Top non-repeatable levels by time:
     D:8: 2062 daAuts
     D:3: 1067 daAuts
     D:6: 1003 daAuts
     D:5: 920 daAuts
     D:4: 918 daAuts
     D:7: 885 daAuts
     D:2: 867 daAuts
     D:1: 704 daAuts
  Temple: 480 daAuts
     D:9: 177 daAuts
